 Dungeon Crawl Stone Soup version 0.28-b1-1-g3c77fb2ed1 (webtiles) character file.

Game seed: 11133046815066810787

58 Descartes the Ducker (level 3, -3/31 HPs)
             Began as a Troll Warper on Jan 27, 2022.
             Killed from afar by Grinder (8 damage)
             ... with a puff of flame
             ... on level 4 of the Dungeon.
             The game lasted 00:05:48 (2520 turns).

Descartes the Ducker (Troll Warper)                 Turns: 2520, Time: 00:05:49

Health: -3/31      AC:  4    Str: 25    XL:     3   Next: 76%
Magic:  12/12      EV: 10    Int:  9    God:
Gold:   123        SH:  0    Dex: 11    Spells: 2/4 levels left

rFire   . . .      SeeInvis .     - Unarmed
rCold   . . .      Faith    .   (no shield)
rNeg    . . .      Spirit   .   a - +0 robe
rPois   .          Reflect  .   (helmet restricted)
rElec   .          Harm     .   (no cloak)
rCorr   .          Rampage  .   (gloves unavailable)
Will    .....                   (boots unavailable)
Stlth   +.........              (no amulet)
HPRegen 0.90/turn               s - ring of magical power
MPRegen 0.13/turn               u - +6 ring of strength

@: no status effects
A: reduced essence, large, unfitting armour, claws 3, regeneration 1, shaggy fur
1, tough skin 1
a: no special abilities


You were on level 4 of the Dungeon.
You visited 1 branch of the dungeon, and saw 4 of its levels.

You collected 123 gold pieces.

Inventory:

Hand Weapons
 w - the +8 quarterstaff of Destruction {vorpal, rCorr Str+4}
   (You found it on level 3 of the Dungeon)

   It inflicts extra damage upon your enemies.
   Str:       It affects your strength (+4).
   rCorr:     It protects you from acid and corrosion.
Missiles
 c - 5 boomerangs of dispersal (quivered)
 e - 4 poisoned darts
 i - 57 stones
 j - 4 javelins
 o - 26 sling bullets
Armour
 a - a +0 robe (worn)
Jewellery
 s - a ring of magical power (left claw)
 u - a +6 ring of strength (right claw)
 A - a +6 ring of dexterity
Scrolls
 b - a scroll of blinking
 d - a scroll of teleportation {unknown}
 f - 4 scrolls of enchant weapon {unknown}
 g - a scroll of vulnerability {unknown}
 h - 3 scrolls of identify {unknown}
 m - a scroll of enchant armour {unknown}
 n - 2 scrolls of torment {unknown}
 p - 2 scrolls of amnesia {unknown}
 r - 2 scrolls of noise {unknown}
 v - a scroll of silence {unknown}
 y - a scroll of summoning {unknown}
Potions
 k - a potion of degeneration {unknown}
 l - a potion of brilliance {unknown}
 q - a potion of berserk rage {unknown}
 t - a potion of attraction {unknown}
 x - a potion of mutation {unknown}
 z - a potion of lignification {unknown}


   Skills:
 + Level 2.0 Fighting
 - Level 1.0 Throwing
 + Level 2.6 Dodging
 + Level 2.5 Unarmed Combat
 + Level 1.3 Spellcasting
 + Level 2.5 Translocations


You had 2 spell levels left.
You knew the following spells:

 Your Spells              Type           Power      Damage    Failure   Level
a - Blink                 Tloc           10%        N/A       19%         2

Your spell library contained the following spells:

 Spells                   Type           Power      Damage    Failure   Level
 Gell's Gravitas          Tloc           5%         N/A       36%         3
 Lesser Beckoning         Tloc           5%         N/A       36%         3
 Teleport Other           Tloc           5%         N/A       36%         3
 Manifold Assault         Tloc           5%         N/A       98%         5


Dungeon Overview and Level Annotations

Branches:
Dungeon (4/15)
 Temple: D:4-7

Altars:
Hepliaklqana
Nemelex Xobeh

Shops:
D:1 :[[   D:4 [?((

Annotations:
D:4 Grinder


Innate Abilities, Weirdness & Mutations

Your life essence is reduced to manifest your ancestor. (-10% HP)
You are too large for most types of armour.
You have claws for hands.
Your natural rate of healing is unusually fast.
You are covered in fur. (AC +1)
You have tough skin. (AC +1)


Message History

The ufetubus hits you.
The ufetubus hits you but does no damage.
You barely miss the ufetubus. The ufetubus closely misses you.
The ufetubus barely misses you. The ufetubus closely misses you.
The ufetubus hits you.
You miss the ufetubus. The ufetubus hits you.
The ufetubus hits you but does no damage.
You barely miss the ufetubus. The ufetubus barely misses you.
The ufetubus hits you but does no damage.
The ufetubus hits you. The ufetubus closely misses you.
You claw the ufetubus!
You kill the ufetubus!
Grinder is nearby!
Unknown command.
Grinder gestures at you. Pain shoots through your body!
Found a scroll labelled YCAOKHL MUONWUU and a brass ring.
Found a stone staircase leading up.
Grinder blinks!
There is an escape hatch in the floor here.
Grinder zaps a wand.
The puff of flame hits you!
* * * LOW HITPOINT WARNING * * *
Grinder zaps a wand.
The puff of flame misses you.
Found a stone staircase leading up.
Grinder says, "There's only one good use for a tongue: cutting it out."
You claw Grinder!
Grinder is moderately wounded.
You barely miss Grinder.
Grinder is moderately wounded.
Grinder hits you!
* * * LOW HITPOINT WARNING * * *
You writhe in agony.
* * * LOW HITPOINT WARNING * * *
You closely miss Grinder.
Grinder is moderately wounded.
Grinder completely misses you.
You closely miss Grinder.
Grinder is moderately wounded.
Grinder says, "Wait up."
Grinder zaps a wand.
The puff of flame hits you!
You die...

#.... .# #..... .#
#.....###.####
#.....#......#
.....#......#
..........##.
#.......?=.
#########..@5.....<
#.......#....<#....
#.......#.>#.......
#.# #.......##.#.#####
#.# #.........∩#$# #.#
#######.##...# ##.##
#.....$# ##...##
#..##..######.....##
#..#.........).....###


You could see Grinder.

Vanquished Creatures
  4 adders
  An ufetubus (D:4)
  3 worms (D:2)
  2 dart slugs (D:1)
  5 bats
  7 endoplasms
  2 giant cockroaches (D:1)
  4 goblins (D:1)
  3 hobgoblins
  4 jackals (D:1)
  3 kobolds
  2 quokkas
  2 ball pythons
  4 frilled lizards
  3 rats (D:1)
49 creatures vanquished.

Notes
Turn   | Place    | Note
-------+----------+-------------------------------------------
     0 | D:1      | Descartes the Troll Warper began the quest for the Orb.
     0 | D:1      | Reached XP level 1. HP: 19/19 MP: 1/1
    37 | D:1      | Reached skill level 1 in Throwing
    93 | D:1      | Found Xaggom's Antique Armour Shop.
   105 | D:1      | Reached XP level 2. HP: 27/27 MP: 2/2
   177 | D:1      | Found Pobotzege's Book Emporium.
   539 | D:1      | Reached XP level 3. HP: 35/35 MP: 3/3
   732 | D:1      | Found Powios's Antique Armour Shoppe.
  1312 | D:2      | Found a faded altar of an unknown god.
  1317 | D:2      | Prayed at the altar of an unknown god.
  1317 | D:2      | Became a worshipper of Hepliaklqana the Forgotten
  1317 | D:2      | Reached * piety under Hepliaklqana
  1318 | D:2      | Fell from the grace of Hepliaklqana
  1512 | D:2      | Found a sparkling altar of Nemelex Xobeh.
  1795 | D:3      | Learned a level 2 spell: Blink
  1931 | D:3      | Identified the +8 quarterstaff of Destruction {vorpal,
                  | rCorr Str+4}
  2392 | D:4      | Found Igrowiuj's Weapon Shoppe.
  2419 | D:4      | Found Sauzytiy's Weapon Emporium.
  2438 | D:4      | Found Ludaud's Magic Scroll Boutique.
  2489 | D:4      | Found Zaneuf's Antique Armour Emporium.
  2501 | D:4      | Noticed Grinder
  2501 | D:4      | Paralysed by Grinder for 3 turns
  2520 | D:4      | Killed from afar by Grinder

Illustrated notes

Levels and vault maps discovered:
D:1:      lightli_arrival_statue_moat, layout_basic, serial_shops, shop,
          nicolae_lakefront_shop, nicolae_shop_temple_entry_statues_fountains
D:2:      layout_loops_ring, basic_altar, chequers_ecumenical_altar_grove,
          grunt_ministairs_13, dk_noncrumbling_3, serial_bayou_pond_a
D:3:      layout_rooms
D:4:      layout_basic, serial_shops, shop, shop_fountains,
          nicolae_shop_bloodbath_and_beyond, shop, shop, uniq_ijyb, uniq_grinder

Skill      XL: |  1  2  3 |
---------------+----------+-----
Throwing       | 1 |  1.0
Dodging        | 2 |  2.6
Fighting       | 2 |  2.0
Unarmed Combat | |  2.5
Spellcasting   | |  1.3
Translocations | |  2.5

Action                   || total
-------------------------++-------
Melee: Unarmed           ||   135
       Punch             ||     3
Invok: Renounce Religion ||     1
 Stab: Sleeping          ||     3
Armor: Robe              ||    51
Dodge: Dodged            ||    87
